 Dungeon Crawl Stone Soup version 0.29.1-12-g30fa7ad0bf (webtiles) character file.

Game seed: 9224388144804587136

453 Radix the Sneak (level 7, -5/52 HPs)
             Began as a Human Fighter on Dec 15, 2022.
             Killed by nerve-wracking pain
             ... invoked by Menkaure
              (14 damage)
             ... on level 5 of the Dungeon.
             The game lasted 00:15:00 (4021 turns).

Radix the Sneak (Human Fighter)                     Turns: 4021, Time: 00:15:01

Health: -5/52      AC: 10    Str: 14 (17) XL:     7   Next: 26%
Magic:  7/7        EV:  8    Int:  5 (8)  God:
Gold:   207        SH:  4    Dex: 13 (14) Spells: 6/6 levels left

rFire   . . .      SeeInvis .   i - +5 dagger
rCold   + . .      Faith    .   c - +0 buckler
rNeg    . . .      Spirit   .   b - +0 scale mail
rPois   .          Reflect  .   (no helmet)
rElec   .          Harm     .   (no cloak)
rCorr   .          Rampage  .   (no gloves)
Will    .....      Clarity  +   (no boots)
Stlth   +.........              (no amulet)
HPRegen 0.17/turn               m - ring of protection from cold
MPRegen 0.10/turn               v - +4 ring of protection

@: mighty
A: talons 1, clarity, sense surroundings 1, MP-powered wands
a: no special abilities


You were on level 5 of the Dungeon.
You visited 1 branch of the dungeon, and saw 5 of its levels.

You collected 207 gold pieces.

Inventory:

Hand Weapons
 a - a +0 rapier
 i - a +5 dagger (weapon)
Missiles
 n - 7 poisoned darts (quivered)
Armour
 b - a +0 scale mail (worn)
 c - a +0 buckler (worn)
Jewellery
 m - a ring of protection from cold (left hand)
 v - a +4 ring of protection (right hand)
Wands
 u - a wand of roots (18)
Scrolls
 e - 8 scrolls of identify {unknown}
 g - a scroll of noise {unknown}
 h - 2 scrolls of teleportation {unknown}
 j - 3 scrolls of amnesia {unknown}
 l - a scroll of silence {unknown}
 o - 3 scrolls of enchant weapon
 p - a scroll of magic mapping {unknown}
 q - 2 scrolls of enchant armour {unknown}
 r - 3 scrolls of fear {unknown}
 w - a scroll of torment {unknown}
Potions
 f - a potion of degeneration
 s - a potion of brilliance {unknown}
 t - 2 potions of mutation
 x - a potion of magic {unknown}


   Skills:
 - Level 3.0 Fighting
 - Level 2.0 Short Blades
 + Level 5.0 Maces & Flails
 - Level 3.0 Armour
 - Level 5.0 Stealth
 - Level 3.0 Shields


You had 6 spell levels left.
You didn't know any spells.
Your spell library contained the following spells:

 Spells                   Type           Power      Damage    Failure   Level
 Magic Dart               Conj           0%         1d3       96%         1
 Searing Ray              Conj           0%         2d4       99%         2
 Static Discharge         Conj/Air       0%         3-3/arc   99%         2
 Gell's Gravitas          Tloc           0%         N/A       100%        3
 Lesser Beckoning         Tloc           0%         N/A       100%        3
 Teleport Other           Tloc           0%         N/A       100%        3
 Corpse Rot               Necr/Pois/Air  0%         N/A       100%        4
 Dispel Undead            Necr           0%         3d6       100%        4
 Fulminant Prism          Conj/Hex       0%         3d6       100%        4
 Leda's Liquefaction      Hex/Erth       0%         N/A       100%        4
 Borgnjor's Vile Clutch   Necr/Erth      0%         N/A       100%        5
 Death Channel            Necr           0%         N/A       100%        6
 Fire Storm               Conj/Fire      0%         5d1       100%        9


Dungeon Overview and Level Annotations

Branches:
Dungeon (6/15)
 Temple: D:4-7

Altars:

Annotations:
D:5 Menkaure


Innate Abilities, Weirdness & Mutations

You have sharp toenails.
You possess an exceptional clarity of mind.
You passively map a small area around you.
You expend magic power (3 MP) to strengthen your wands.


Message History

You open the door.
There is an open door here.
You open the door.
There is an open door here.
Menkaure, Prince of Dust comes into view.
Menkaure shouts!
Menkaure gestures wildly while chanting.
Menkaure seems to speed up.
There is an open door here.
Menkaure calls on the powers of darkness!
Your body is wracked with pain!
Menkaure gestures at you while chanting.
Pain shoots through your body!
Menkaure murmurs in an indecipherable tongue.
Found a scroll labelled BEEPNY MIHEPU.
You block Menkaure's attack. Menkaure attacks as you move away!
Menkaure hits you.
As you read the scroll labelled XUHIQI WOCSO, it crumbles to dust.
It is a scroll of enchant weapon.
Your +4 dagger glows red for a moment.
Menkaure calls on the powers of darkness!
Your body is wracked with pain!
* * * LOW HITPOINT WARNING * * *
It was a potion of mutation.
You feel extremely strange.
You feel your magical essence link to the dungeon's wands.
You feel a strange attunement to the structure of the dungeons.
Your toenails lengthen and sharpen.
Your thoughts seem clearer.
You block Menkaure's attack.
It was a potion of degeneration.
There was something very wrong with that liquid.
You feel weakened.
You feel dopey.
You feel clumsy. Menkaure barely misses you.
It was a potion of heal wounds.
You feel much better.
Menkaure gestures at you while chanting.
Pain shoots through your body! Menkaure hits you!
* * * LOW HITPOINT WARNING * * *
You feel very mighty all of a sudden.
Menkaure points at you and mumbles some strange words.
Pain shoots through your body!
You die...

*, , , , , .. , , ..######## , *
* , ..?......# , ######
,.........# , +..... , .........#
, #..... , , .........# , #.....
.........#,, , #..... ##
.......@.#### * #..... .#
#####+#M....# ##..... .# , ,,
,#.....# #...... .# , , ,#.....#
#...... .# #.......#.....+
#.....M .# #.......#.....# ,
#......
.########......#.....###########'
........#......##................
......).#.......#..[.............


You could see Menkaure (fast).

Vanquished Creatures
  A water moccasin (D:6)
  A phantom (D:5)
  A howler monkey (D:5)
  3 hounds
  An iguana (D:5)
  7 adders (D:2)
  A dart slug (D:3)
  7 orcs
  2 endoplasms
  4 giant cockroaches
  2 goblins
  7 hobgoblins
  3 jackals (D:2)
  A quokka (D:1)
  7 ball pythons
  6 bats
  3 frilled lizards (D:2)
  6 kobolds
  3 rats
66 creatures vanquished.

Notes
Turn   | Place    | Note
-------+----------+-------------------------------------------
     0 | D:1      | Radix the Human Fighter began the quest for the Orb.
     0 | D:1      | Reached XP level 1. HP: 18/18 MP: 1/1
   106 | D:1      | Reached skill level 1 in Stealth
   270 | D:1      | Reached XP level 2. HP: 23/24 MP: 2/2
  1324 | D:2      | Reached XP level 3. HP: 29/29 MP: 3/3
  1351 | D:2      | Got Monayneu's Quarto of Damaging Earth
  1818 | D:2      | Reached XP level 4. HP: 33/35 MP: 4/4
  2184 | D:2      | Reached XP level 5. HP: 41/41 MP: 5/5
  2412 | D:2      | Found a faded altar of an unknown god.
  2745 | D:3      | Reached skill level 5 in Stealth
  3057 | D:3      | You fall into a shaft and drop 3 floors!
  3102 | D:6      | Reached skill level 1 in Maces & Flails
  3238 | D:6      | Noticed a water moccasin
  3250 | D:6      | Killed a water moccasin
  3251 | D:6      | Reached XP level 6. HP: 28/47 MP: 6/6
  3367 | D:5      | Entered Level 5 of the Dungeon
  3742 | D:5      | Reached XP level 7. HP: 41/52 MP: 7/7
  3955 | D:5      | Reached skill level 5 in Maces & Flails
  3990 | D:5      | Noticed Menkaure
  4018 | D:5      | Gained mutation: You expend magic power (3 MP) to
                  | strengthen your wands. [potion of mutation]
  4018 | D:5      | Gained mutation: You passively map a small area around you.
                  | [potion of mutation]
  4018 | D:5      | Gained mutation: You have sharp toenails. [potion of
                  | mutation]
  4018 | D:5      | Gained mutation: You possess an exceptional clarity of
                  | mind. [potion of mutation]
  4021 | D:5      | Killed from afar by Menkaure

Illustrated notes

Levels and vault maps discovered:
D:1:      scummos_arrival_simple_crosswalls, layout_basic,
          kennysheep_nondescript, chequers_big_river
D:2:      minmay_chambers_of_ones, layout_loops_corners,
          chequers_ecumenical_altar_twisty
D:3:      layout_basic, kennysheep_minor_cross, minmay_misc_feat_tiny,
          minmay_fractal_squares_5
D:5:      layout_gridville, dk_yredelemnul_ordeal, kennysheep_mini_moat,
          uniq_menkaure
D:6:      due_chaos_kobolds, layout_cave_pools, mainiacjoe_overflow_alcove_2,
          minmay_temple_entry_proselytizer, nicolae_hexahallways,
          pf_guarded_unrand_woodcutter, uniq_grinder

Skill      XL: |  1  2  3  4  5  6  7 |
---------------+----------------------+-----
Stealth        | 1 2 3 4 5 |  5.0
Maces & Flails | 3 4 5 |  5.0
Fighting       | |  3.0
Short Blades   | |  2.0
Armour         | |  3.0
Shields        | |  3.0

Action                   |  1- 3 |  4- 6 |  7- 9 || total
-------------------------+-------+-------+-------++-------
Melee: Rapier            |    33 |       |       ||    33
       Dagger            |    65 |   158 |    13 ||   236
Throw: Dart              |       |     1 |       ||     1
  Use: Potion            |       |       |     4 ||     4
       Scroll            |       |       |     1 ||     1
 Stab: Sleeping          |       |     2 |       ||     2
Armor: Scale mail        |    55 |    69 |     6 ||   130
Dodge: Dodged            |    43 |    59 |     5 ||   107
Block: Buckler           |    26 |    29 |     4 ||    59
